Map: Sequencer LE

Players

Ziggy - Winner!

  • Race: Terran Terran
  • Spawn Location: 1:00

Hymy

  • Race: Protoss Protoss
  • Spawn Location: 7:00

Event: WCS Jonkoping 2017

VOD

Have the link to the VOD?

Description

Time

  • Played on: June 17, 2017, 6:39 a.m.
  • Length: 5:07

All games in this series

Show
View Real Time Build Order
Export as new Build Order

Ziggy Terran - Winner!

Build Orders:  

Get SALT Encoding   

  12  0:00  SCV  
  13  0:13  SCV  
  14  0:17  Supply Depot  
  14  0:25  SCV  
  15  0:39  SCV, Barracks  
  16  0:45  Refinery  
  16  0:51  SCV  
  17  1:01  Barracks  
  17  1:03  SCV  
  18  1:15  SCV  
  19  1:27  Orbital Command  
  19  1:28  Reaper  
  20  1:48  Reaper  
  21  1:59  Command Center  
  21  2:05  Reaper  
  22  2:11  SCV  
  22  2:13  Supply Depot  
  23  2:17  Refinery  
  23  2:34  SCV  
  24  2:41  Barracks Reactor  
  24  2:43  Barracks Tech Lab  
  24  2:46  SCV  
  25  2:57  Barracks  
  25  2:58  Engineering Bay  
  25  2:59  SCV  
  25  3:02  Marine  
  27  3:06  Stimpack  
  27  3:11  SCV  
  28  3:20  Marine  
  28  3:23  SCV  
  28  3:26  Marine x2  
  30  3:28  SCV  
  31  3:35  SCV  
  31  3:38  Marine, Factory  
  33  3:44  Marine x2  
  33  3:45  Orbital Command  
  35  3:49  Barracks Reactor  
  35  3:50  SCV  
  36  3:58  Marine  
  36  4:01  Marine x2  
  36  4:02  SCV  
  40  4:12  SCV  
  40  4:14  SCV  
  40  4:15  Supply Depot  
  40  4:16  Marine  
  43  4:19  Marine  
  43  4:21  Missile Turret  
  43  4:23  Starport  
  44  4:25  Factory Reactor  
  44  4:27  Marine  
  44  4:29  Marine  
  46  4:35  Supply Depot  
  46  4:36  SCV  
  47  4:39  Marine x2  
  47  4:43  SCV  
  50  4:47  Missile Turret  
  50  4:48  SCV  
  55  5:06  Supply Depot  
Show
View Real Time Build Order
Export as new Build Order

Hymy Protoss 

Build Orders: 1 Gate Expand, Dark Templar Rush 

Get SALT Encoding   

  12  0:01  Probe (Chrono Boost)  
  13  0:12  Probe (Chrono Boost)  
  14  0:18  Pylon  
  14  0:22  Probe (Chrono Boost)  
  15  0:37  Probe (Chrono Boost)  
  15  0:38  Gateway  
  16  0:45  Assimilator  
  16  0:47  Probe (Chrono Boost)  
  17  0:58  Probe (Chrono Boost)  
  18  1:08  Probe (Chrono Boost)  
  19  1:19  Probe (Chrono Boost)  
  19  1:24  Nexus  
  20  1:34  Cybernetics Core  
  20  1:37  Probe (Chrono Boost)  
  21  1:44  Assimilator  
  21  1:48  Probe (Chrono Boost)  
  22  1:58  Pylon  
  22  2:00  Probe (Chrono Boost)  
  23  2:16  Adept (Chrono Boost)  
  23  2:18  Robotics Facility  
  23  2:22  Probe  
  26  2:34  Probe  
  26  2:42  Probe  
  28  2:44  Adept (Chrono Boost)  
  28  2:46  Probe  
  28  2:50  Pylon  
  29  2:58  Twilight Council  
  29  3:01  Probe  
  29  3:03  Probe  
  31  3:07  Observer (Chrono Boost)  
  32  3:13  Probe x2  
  32  3:24  Probe  
  32  3:25  Probe  
  32  3:34  Probe  
  32  3:37  Probe  
  33  3:45  Probe  
  33  3:47  Dark Shrine  
  34  3:49  Probe  
  35  3:55  Probe  
  35  4:01  Probe, Warp Prism (Chrono Boost)  
  39  4:07  Probe  
  40  4:13  Probe  
  41  4:19  Probe  
  41  4:20  Assimilator  
  42  4:25  Probe  
  42  4:31  Probe  
  42  4:37  Probe  
  44  4:43  Probe  
  45  4:49  Probe  
  45  4:52  Gateway x2  
Tags
 
Add a new tag
Caveats
  • Supply blocks, unpowered buildings, or Contaminate may cause inaccurate times.
  • Supply counts are checked every 10 seconds.